 Dungeon Crawl Stone Soup version 0.31-a0-963-ga325b2283a (webtiles) character file.

Game seed: 881336945090693340

324 Sanktem7 the Chopper (level 6, -7/52 (55) HPs)
             Began as a Minotaur Fighter on Oct 25, 2023.
             Mangled by a wight
             ... wielding a +0 great sword
              (12 damage)
             ... on level 4 of the Dungeon.
             The game lasted 00:04:03 (2135 turns).

Sanktem7 the Chopper (Minotaur Fighter)             Turns: 2135, Time: 00:04:04

HP:   -7/52 (55)    AC: 12    Str: 22    XL:     6   Next: 23%
MP:   5/5           EV:  9    Int:  5    God:
Gold: 147           SH:  4    Dex: 10    Spells: 5/5 levels left

rFire   . . .        a - +0 war axe {axe}
rCold   . . .        c - +0 buckler
rNeg    + . .        b - +0 scale mail
rPois   .            (helmet restricted)
rElec   .            k - +0 cloak
rCorr   .            (no gloves)
SInv    .            (no boots)
Will    .....        (no amulet) Stlth
                     m - +4 ring of protection
HPRegen 0.28/turn    E - ring of positive energy
MPRegen 0.09/turn

%: no passive effects
@: drained
A: horns 2, retaliatory headbutt
a: no special abilities


You were on level 4 of the Dungeon.
You visited 1 branch of the dungeon, and saw 4 of its levels.

You collected 147 gold pieces.


Innate Abilities, Weirdness & Mutations

You have a pair of horns on your head.
You reflexively headbutt those who attack you in melee.


   Skills:
 + Level 4.8 Fighting
 * Level 5.2 Axes
 + Level 1.7 Throwing
 + Level 4.7 Armour
 + Level 4.7 Shields


You had 5 spell levels left.
You didn't know any spells.
Your spell library contained the following spells:

 Spells                   Type           Power      Damage    Failure   Level
 Sublimation of Blood     Necr           0%         N/A       94%         2
 Wereblood                Tmut           0%         N/A       94%         2
 Animate Armour           Summ/Erth      0%         N/A       100%        4
 Summon Lightning Spire   Summ/Air       0%         N/A       100%        4
 Lee's Rapid Deconstruct  Erth           0%         3d4*      100%        5
 Summon Hydra             Summ           0%         N/A       100%        7

Inventory:

Hand Weapons
 a - a +0 war axe (weapon) {axe}
Missiles
 e - 40 stones {throwing}
 s - 8 poisoned darts {throwing}
 t - 8 javelins {throwing}
 v - 2 throwing nets {=f!fthrowing}
Armour
 b - a +0 scale mail (worn)
 c - a +0 buckler (worn)
 k - a +0 cloak (worn)
   (You found it on level 1 of the Dungeon)
Jewellery
 m - a +4 ring of protection (left hand)
   (You found it on level 1 of the Dungeon)
 E - a ring of positive energy (right hand)
   (You found it on level 3 of the Dungeon)
Scrolls
 i - a scroll of enchant armour {unknown}
 j - a scroll of brand weapon {unknown}
 l - a scroll of blinking {unknown}
 o - a scroll of identify {unknown}
 p - a scroll of silence {unknown}
 q - a scroll of vulnerability {unknown}
 r - a scroll of torment {unknown}
 w - 2 scrolls of noise {unknown}
 x - 2 scrolls of teleportation {unknown}
 z - a scroll of enchant weapon {unknown}
Potions
 d - 3 potions of might
 f - 2 potions of haste {unknown}
 g - a potion of curing {unknown}
 h - 2 potions of heal wounds {unknown}
 n - a potion of degeneration {unknown}
 u - 2 potions of cancellation {unknown}
 C - a potion of magic {unknown}
 G - a potion of mutation {unknown}

Dungeon Overview and Level Annotations

Branches:
Dungeon (4/15) Zot: 21807
 Temple: D:4-7

Altars:
Wu Jian

Shops:
D:3

* ######
######.....##
#..!.........
#..#..§§..♣♣..
##z.≈§..♣♣
#.@§≈§......
#.z.........
........_..≈≈
###..##.....≈≈
#..# .......
##.. ..##...
#.. ..# .. .#.


You could see 2 wights.


Message History

Blork the orc hits you with a +3 scimitar of holy wrath.
You barely miss Blork the orc.
A wight comes into view. It is wielding a +0 long sword.
You block Blork the orc's attack.
You barely miss Blork the orc. Blork the orc barely misses you.
You furiously retaliate!
You headbutt Blork the orc! You barely miss Blork the orc.
Blork the orc hits you with a +3 scimitar of holy wrath!
The giant cockroach barely misses you. You furiously retaliate!
You headbutt the giant cockroach!
You kill the giant cockroach!
Blork the orc hits you with a +3 scimitar of holy wrath.
You are too injured to fight recklessly!
You are too injured to fight recklessly!
You are too injured to fight recklessly! 😮 HP[-11]
You take 11 damage, and now have 34/47 hp.
MASSIVE DAMAGE!! (PAUSE) Unknown command.
You hit Blork the orc.
A wight comes into view. It is wielding a +0 great sword.
Blork the orc hits you with a +3 scimitar of holy wrath. 😮 HP[-3]
You take 3 damage, and now have 31/47 hp.
You slash Blork the orc!
Blork the orc hits you but does no damage.
You slash Blork the orc!
Blork the orc casts a spell.
Blork the orc seems to speed up.
You slash the wight! You hit Blork the orc but do no damage.
Blork the orc gestures at you while chanting.
The puff of frost hits you but does no damage.
The wight barely misses you.
Blork the orc screams, "I'll break your arms!"
Blork the orc barely misses you. You furiously retaliate!
You headbutt Blork the orc. 😮 HP[+1] Blork the orc grins evilly.
Blork the orc closely misses you.
Blork the orc points at you and mumbles some strange words.
The puff of frost hits you but does no damage.
The wight hits you with a +0 long sword!
You partially resist.
You feel drained.
You see here a giant cockroach corpse. 😮 HP[-7]
You now have 46 max hp (-1).
You take 7 damage, and now have 25/46 hp.
You slash Blork the orc!
You kill Blork the orc!
You hit the dart slug. You closely miss the wight.
You hit the wight but do no damage.
The wight hits you with a +0 great sword.
* * * LOW HITPOINT WARNING * * *
You partially resist.
You feel drained.
The wight hits you with a +0 long sword.
* * * LOW HITPOINT WARNING * * *
You partially resist.
You feel drained.
Your life force feels restored.
You have reached level 6! 😨 HP[-4] MP[+1]
You now have 55 max hp (+9).
Your mp is fully restored (5).
You barely miss the wight. Your headbutt misses the wight.
You hit the dart slug. You closely miss the wight.
The dart slug bites you but does no damage.
The wight hits you but does no damage. x2 😨 HP[+1]
You hit the wight. You slash the dart slug!
You kill the dart slug!
You hit the wight but do no damage.
The wight hits you with a +0 long sword.
* * * LOW HITPOINT WARNING * * *
You block the wight's attack. 😨 HP[-3]
You take 3 damage, and now have 19/55 hp.
You closely miss the wight. You hit the wight.
The wight hits you with a +0 long sword.
* * * LOW HITPOINT WARNING * * *
You partially resist.
You feel drained. The wight hits you but does no damage.
The wight hits you with a +0 long sword.
* * * LOW HITPOINT WARNING * * *
The wight hits you with a +0 great sword.
* * * LOW HITPOINT WARNING * * *
You partially resist.
You feel drained.
* * * LOW HITPOINT WARNING * * *
😱 HP[-9]
You now have 53 max hp (-2).
You take 9 damage, and now have 10/53 hp.
You hit the wight. Your headbutt misses the wight. You closely miss the wight.
The wight hits you with a +0 long sword.
* * * LOW HITPOINT WARNING * * *
You partially resist.
You feel drained.
The wight hits you with a +0 great sword!
You die...

Skill      XL: |  1  2  3  4  5 |
---------------+----------------+-----
Axes           | 3 4 5 |  5.2
Fighting       | 4 |  4.8
Armour         | 4 |  4.7
Shields        | 4 |  4.7
Throwing       | 1 |  1.7

Action                     |  1- 3 |  4- 6 || total
---------------------------+-------+-------++-------
  Melee: War axe           |    85 |    78 ||   163
         Headbutt          |    11 |    11 ||    22
 Armour: Scale mail        |    50 |    57 ||   107
  Dodge: Dodged            |    31 |    44 ||    75
  Block: Buckler           |    23 |    27 ||    50

Levels and vault maps discovered:
D:1:      shiori_angband_town, layout_loops_ring, fountainhead,
          grunt_decor_fettered
D:2:      layout_rooms, kennysheep_generic_room_16, uniq_natasha
D:3:      layout_rooms, serial_shops, nicolae_square_shop
D:4:      layout_rooms, general_overflow_altar, tgw_kikubaaqudgha,
          mainiacjoe_overflow_cross_hatched, mainiacjoe_overflow_chevrons,
          nicolae_wu_jian_wuxing_cycle, mainiacjoe_overflow_alcove_4,
          supply_closet_lemuel, chequers_mini_garden, uniq_blork_the_orc

Notes
Turn   | Place    | Note
-------+----------+-------------------------------------------
     0 | D:1      | Sanktem7 the Minotaur Fighter began the quest for the Orb.
     0 | D:1      | Reached XP level 1. HP: 19/19 MP: 0/0
     0 | D:1      | magus.rc [v1.9.6]
   157 | D:1      | Reached XP level 2. HP: 24/27 MP: 1/1
   232 | D:1      | You pick up a book of Iron and begin reading...
   232 | D:1      | You add the spells Summon Lightning Spire, Animate Armour
                  | and Lee's Rapid Deconstruction to your library.
   241 | D:1      | Reached skill level 3 in Axes
   394 | D:1      | Reached XP level 3. HP: 30/33 MP: 2/2
   510 | D:1      | Reached skill level 4 in Fighting
   510 | D:1      | Reached skill level 4 in Armour
   581 | D:1      | Reached skill level 4 in Shields
  1065 | D:2      | Noticed Natasha
  1069 | D:2      | Killed Natasha
  1070 | D:2      | Reached skill level 4 in Axes
  1070 | D:2      | Reached XP level 4. HP: 40/40 MP: 3/3
  1101 | D:2      | Reached XP level 5. HP: 21/47 MP: 4/4
  1152 | D:2      | Noticed Natasha
  1156 | D:2      | Killed Natasha
  1420 | D:3      | Reached skill level 1 in Throwing
  1569 | D:3      | Found Cywkap's General Store.
  1627 | D:3      | HP: 10/47 [poisoned by a gnoll]
  1631 | D:3      | HP: 4/47 [poisoned by a gnoll]
  2015 | D:3      | You pick up a book of Blood and begin reading...
  2015 | D:3      | You add the spells Sublimation of Blood, Wereblood and
                  | Summon Hydra to your library.
  2119 | D:4      | Found an ornate altar of the Wu Jian Council.
  2119 | D:4      | Noticed Blork the orc
  2121 | D:4      | Reached skill level 5 in Axes
  2131 | D:4      | Killed Blork the orc
  2132 | D:4      | Reached XP level 6. HP: 21/55 MP: 5/5
  2134 | D:4      | HP: 11/54 [wight/+0 great sword (5)]
  2135 | D:4      | HP: 5/53 [wight/+0 long sword (5)]
  2135 | D:4      | Mangled by a wight

Vanquished Creatures
  Blork the orc (D:4)
  A jelly (D:4)
  Natasha (twice) (D:2)
  6 gnolls
  3 adders (D:2)
  A worm (D:2)
  4 dart slugs
  An orc (D:3)
  5 ball pythons
  6 bats
  5 endoplasms
  5 giant cockroaches
  14 goblins
  8 hobgoblins
  4 jackals (D:3)
  4 quokkas (D:1)
  4 frilled lizards
  5 kobolds
  5 rats
84 creatures vanquished.

Table legend:
 A = Non-vault XP
 B = Vault XP
 C = Vault XP percentage of total XP
 D = Non-vault monster count
 E = Vault monster count
 F = Vault count percentage of total count
                 A         B        C        D         E       F
            +---------+---------+-------+---------+---------+-------
      Total |     330 |     134 |  28.9 |      80 |       4 |   4.8
            +---------+---------+-------+---------+---------+-------
        D:1 |      49 |       0 |   0.0 |      26 |       0 |   0.0
        D:2 |     149 |      38 |  20.3 |      24 |       3 |  11.1
        D:3 |      86 |       0 |   0.0 |      27 |       0 |   0.0
        D:4 |      46 |      96 |  67.6 |       3 |       1 |  25.0
            +---------+---------+-------+---------+---------+-------

Skill      XL: |  1  2  3  4  5 |
---------------+----------------+-----
Axes           | 3 4 5 |  5.2
Fighting       | 4 |  4.8
Armour         | 4 |  4.7
Shields        | 4 |  4.7
Throwing       | 1 |  1.7

Action                     |  1- 3 |  4- 6 || total
---------------------------+-------+-------++-------
  Melee: War axe           |    85 |    78 ||   163
         Headbutt          |    11 |    11 ||    22
 Armour: Scale mail        |    50 |    57 ||   107
  Dodge: Dodged            |    31 |    44 ||    75
  Block: Buckler           |    23 |    27 ||    50

Illustrated notes

Table legend:
 A = Kills in this place as a percentage of kills in the entire game.
 B = Kills by you in this place as a percentage of kills by you in the entire game.
 C = Kills by friends in this place as a percentage of kills by friends in the entire game.
 D = Other kills in this place as a percentage of other kills in the entire game.
 E = Experience gained in this place as a percentage of experience gained in the entire game.
 F = Experience gained in this place divided by the number of levels of this place that you have seen.
                   A       B       C       D       E      F
               +-------+-------+-------+-------+-------+----------------------
         Total | 100.0 | 100.0 |   N/A |   N/A | 100.0 | 116.0
       Dungeon | 100.0 | 100.0 |   N/A |   N/A | 100.0 | 116.0
               +-------+-------+-------+-------+-------+----------------------

Table legend: (Time is in decaauts)
 A = Elapsed time spent in this place.
 B = Non-inter-level travel time spent in this place.
 C = Inter-level travel time spent in this place.
 D = Time resting spent in this place.
 E = Time spent auto-exploring this place.
 F = Levels seen in this place.
 G = Mean time per level.
                   A        B        C        D        E       F      G
               +--------+--------+--------+--------+--------+-----+--------+
         Total |   2191 |   2149 |     42 |    171 |   1514 |   4 |  547.8 |
       Dungeon |   2191 |   2149 |     42 |    171 |   1514 |   4 |  547.8 |
               +--------+--------+--------+--------+--------+-----+--------+

Top non-repeatable levels by time:
     D:1: 808 daAuts
     D:3: 719 daAuts
     D:2: 645 daAuts
     D:4: 18 daAuts
